 Dungeon Crawl Stone Soup version 0.32-a0-560-g4c7f4391e0 (webtiles) character file.

Game seed: 12284413276869663319

290 Sobieck the Shooter (level 5, -2/41 HPs)
             Began as a Demigod Hunter on Feb 29, 2024.
             Killed by divine providence
             ... invoked by an orc priest
              (13 damage)
             ... on level 3 of the Dungeon.
             The game lasted 00:03:21 (2702 turns).

Sobieck the Shooter (Demigod Hunter)                Turns: 2702, Time: 00:03:22

Health: -2/41      AC:  5    Str: 12    XL:     5   Next: 83%
Magic:  7/7        EV: 12    Int: 11    God:
Gold:   155        SH:  0    Dex: 21    Spells: 4/4 levels left

rFire   . . .        a - +0 shortbow
rCold   . . .        (shield currently unavailable)
rNeg    . . .        c - +0 leather armour
rPois   .            (no helmet)
rElec   .            (no cloak)
rCorr   .            q - +1 pair of gloves
SInv    .            (no boots)
Will    .....        (no amulet)
Stlth   ++           (no ring)
HPRegen 0.26/turn    (no ring)
MPRegen 0.10/turn

%: no passive effects
@: no status effects
A: high MP 1, forlorn, divine attributes
a: no special abilities


You were on level 3 of the Dungeon.
You visited 1 branch of the dungeon, and saw 3 of its levels.

You collected 155 gold pieces.

Inventory:

Hand Weapons
 a - a +0 shortbow (weapon)
 b - the +10 war axe of the Assorted Yaks {heavy, +Blink Stlth+}
   (You found it on level 3 of the Dungeon)

   +Blink:    It lets you blink.
   Stlth+:    It makes you more stealthy.
Armour
 c - a +0 leather armour (worn)
 q - a +1 pair of gloves (worn)
Magical Staves
 p - a staff of fire
Jewellery
 j - a ring of fire
 n - a ring of positive energy
 o - a ring of poison resistance
Wands
 i - a wand of roots (5)
Scrolls
 h - a scroll of butterflies
 l - 2 scrolls of vulnerability
 T - a scroll of teleportation
Potions
 d - a potion of brilliance {unknown}
 e - 2 potions of ambrosia
 f - a potion of lignification {unknown}
 g - a potion of degeneration {unknown}
 k - a potion of heal wounds
 m - a potion of mutation {unknown}
 r - a potion of might {unknown}
 Q - 2 potions of curing


   Skills:
 - Level 1.7 Fighting
 * Level 6.7 Ranged Weapons
 - Level 1.7 Dodging
 - Level 0.8 Stealth


You had 4 spell levels left.
You didn't know any spells.
Your spell library was empty.

Dungeon Overview and Level Annotations

Branches:
Dungeon (3/15)

Annotations:
D:2 1 runed translucent door, Crazy Yiuf


Innate Abilities, Weirdness & Mutations

You have an increased reservoir of magic. (+10% MP)
You shall have no god before yourself.
Your divine heritage dramatically boosts your attributes as you level up.


Message History

You shoot an arrow. The arrow hits the orc.
You kill the orc!
The orc priest barely misses you.
Fire: a) +0 shortbow
Press: ? - help, Q - select action Shift-Dir - straight line, f - orc priest
Aim: an orc priest, wielding a +0 flail (65% to hit)
You shoot an arrow.
The arrow closely misses the orc priest.
The orc priest hits you with a +0 flail.
* * * LOW HITPOINT WARNING * * *
Fire: a) +0 shortbow
Press: ? - help, Q - select action Shift-Dir - straight line, f/p - orc priest
Aim: an orc priest, wielding a +0 flail (65% to hit)
You shoot an arrow. The arrow hits the orc priest.
The orc priest is moderately wounded.
The orc priest closely misses you.
Fire: a) +0 shortbow
Press: ? - help, Q - select action Shift-Dir - straight line, f/p - orc priest
Aim: an orc priest, wielding a +0 flail (moderately wounded, 65% to hit)
You shoot an arrow. The arrow hits the orc priest.
The orc priest is heavily wounded.
The orc priest misses you.
Fire: a) +0 shortbow
Press: ? - help, Q - select action Shift-Dir - straight line, f/p - orc priest
Aim: an orc priest, wielding a +0 flail (heavily wounded, 65% to hit)
You shoot an arrow. The arrow barely misses the orc priest.
The orc priest barely misses you.
Fire: a) +0 shortbow
Press: ? - help, Q - select action Shift-Dir - straight line, f/p - orc priest
Aim: an orc priest, wielding a +0 flail (heavily wounded, 65% to hit)
You shoot an arrow.
The arrow hits the orc priest but does no damage.
The orc priest is heavily wounded.
The orc priest closely misses you.
Fire: a) +0 shortbow
Press: ? - help, Q - select action Shift-Dir - straight line, f/p - orc priest
Aim: an orc priest, wielding a +0 flail (heavily wounded, 65% to hit)
You shoot an arrow. The arrow hits the orc priest.
The orc priest is severely wounded.
The orc priest calls down the wrath of Beogh upon you.
Pain shoots through your body!
* * * LOW HITPOINT WARNING * * *
Fire: a) +0 shortbow
Press: ? - help, Q - select action Shift-Dir - straight line, f/p - orc priest
Aim: an orc priest, wielding a +0 flail (severely wounded, 65% to hit)
You shoot an arrow. The arrow hits the orc priest.
The orc priest is severely wounded.
The orc priest calls down the wrath of Beogh upon you.
Beogh smites you!
You die...

#.........# #.......
#......##.#####...#...
#.....................
####.##..##.#####..###..
#.........#.# #.......
#.........#.# ###...##..
#........†#.###.....##.#
#..............##...##.#
#######@###.##..........
#o# #..........###
#o######..#.......
#o##.............#
..†o....#######...##....
..oo..#.# #.#.##....
....o.#.# #.#.......
...## #.# ##.####.).. ..
#.# #......#...


You could see an orc priest, an orc wizard and an orc.

Vanquished Creatures
  Sigmund (D:2)
  An orc wizard (D:3)
  A gnoll (D:1)
  3 adders
  A ribbon worm (D:2)
  A dart slug (D:3)
  4 orcs (D:3)
  8 bats
  2 endoplasms (D:1)
  2 giant cockroaches (D:1)
  7 hobgoblins
  3 jackals
  A quokka (D:1)
  6 ball pythons
  3 frilled lizards
  5 goblins
  8 kobolds
  4 rats
61 creatures vanquished.

Notes
Turn   | Place    | Note
-------+----------+-------------------------------------------
     0 | D:1      | Sobieck the Demigod Hunter began the quest for the Orb.
     0 | D:1      | Reached XP level 1. HP: 17/17 MP: 3/3
   231 | D:1      | Reached skill level 4 in Ranged Weapons
   250 | D:1      | Reached XP level 2. HP: 24/24 MP: 4/4
   401 | D:1      | Noticed a tormentor
   625 | D:1      | Reached XP level 3. HP: 29/29 MP: 5/5
   965 | D:2      | Noticed Sigmund
  1155 | D:2      | Killed Sigmund
  1156 | D:2      | Reached skill level 6 in Ranged Weapons
  1156 | D:2      | Reached XP level 4. HP: 36/36 MP: 6/6
  1156 | D:2      | Reached XP level 5. HP: 41/41 MP: 7/7
  1918 | D:2      | Found a runed translucent door.
  1919 | D:2      | Noticed Crazy Yiuf
  2033 | D:3      | Identified the +10 war axe of the Assorted Yaks {heavy,
                  | +Blink Stlth+}
  2702 | D:3      | Killed from afar by an orc priest

Illustrated notes

Levels and vault maps discovered:
D:1:      onia_arrival_mini_maze_b, layout_loops_cross,
          dreamdust_ecumenical_altar_sealed_demon, serial_aquarium,
          aquarium_bridge_straight [aquarium_subvault_bridge,
          aquarium_subvault_balcony, aquarium_subvault_bridge,
          aquarium_subvault_wall], aquarium_window_fake, aquarium_window_fake,
          aquarium_view_2c, aquarium_view_2d, aquarium_pool_side,
          kennysheep_decorative_pillar, nrook_campfire, minmay_pentomino_x4
D:2:      layout_basic, basic_altar, minmay_stone_trees_medium, minmay_3d_cube,
          uniq_crazy_yiuf_cottage, uniq_sigmund
D:3:      layout_basic, nicolae_sif_muna_condensation

Skill      XL: |  1  2  3 |
---------------+----------+-----
Ranged Weapons | 4 6 |  6.7
Fighting       | |  1.7
Dodging        | |  1.7
Stealth        | |  0.8

Action                     |  1- 3 |  4- 6 || total
---------------------------+-------+-------++-------
   Fire: Shortbow          |    85 |    89 ||   174
    Use: Scroll            |     7 |     2 ||     9
 Armour: Leather armour    |    14 |    18 ||    32
  Dodge: Dodged            |    18 |    16 ||    34

Table legend: (Time is in decaauts)
 A = Elapsed time spent in this place.
 B = Non-inter-level travel time spent in this place.
 C = Inter-level travel time spent in this place.
 D = Time resting spent in this place.
 E = Time spent auto-exploring this place.
 F = Levels seen in this place.
 G = Mean time per level.
                   A        B        C        D        E       F      G
               +--------+--------+--------+--------+--------+-----+--------+
         Total |   2727 |   2621 |    106 |     58 |   2200 |   3 |  909.0 |
       Dungeon |   2727 |   2621 |    106 |     58 |   2200 |   3 |  909.0 |
               +--------+--------+--------+--------+--------+-----+--------+

Top non-repeatable levels by time:
     D:2: 1123 daAuts
     D:1: 910 daAuts
     D:3: 693 daAuts
